 Dungeon Crawl Stone Soup version 0.30-a0-170-g85af917532 (webtiles) character file.

Game seed: 123549479443558576

41419 Sobieck the Nimble (level 14, -8/79 HPs)
             Began as a Kobold Summoner on Sept 30, 2022.
             Was a High Priest of Hepliaklqana.
             Mangled by a five-headed hydra (10 damage)
             ... while paralysed by a hornet
             ... on level 5 of the Lair of Beasts.
             The game lasted 00:53:26 (22290 turns).

Sobieck the Nimble (Kobold Summoner)               Turns: 22290, Time: 00:53:26

Health: -8/79      AC: 14    Str:  6    XL:     14   Next: 50%
Magic:  9/27       EV:  3    Int: 16    God:    Hepliaklqana [*****.]
Gold:   1074       SH:  0    Dex: 26    Spells: 19/32 levels left

rFire   . . .      SeeInvis .    a - +3 rapier (freeze) {short}
rCold   + . .      Faith    .    n - +2 buckler {rC+}
rNeg    . . .      Spirit   .    Z - +2 leather armour {rPois}
rPois   +          Reflect  +    f - +1 helmet
rElec   .          Harm     .    u - +1 cloak
rCorr   .          Rampage  .    i - +1 pair of gloves
Will    +....                    O - +1 pair of boots
Stlth   +++++.....               j - amulet of reflection
HPRegen 0.23/turn                T - ring of wizardry
MPRegen 0.20/turn                X - +6 ring of dexterity

@: paralysed, about to teleport, hasted
A: reduced essence, small, no large weapons, nightstalker 3
a: Renounce Religion, Recall Ancestor, Ancestor Identity, Transference, Idealise


You were on level 5 of the Lair of Beasts.
You worshipped Hepliaklqana.
Hepliaklqana was extremely pleased with you.
You visited 3 branches of the dungeon, and saw 17 of its levels.

You collected 1074 gold pieces.


Innate Abilities, Weirdness & Mutations

Your life essence is reduced to manifest your ancestor. (-10% HP)
You are small and have problems with some larger weapons.
You are completely attuned to the shadows.


   Skills:
 + Level 10.8 Fighting
 + Level 7.0 Short Blades
 - Level 4.0 Armour
 + Level 11.8 Dodging
 + Level 7.3 Stealth
 - Level 5.0 Shields
 + Level 9.8 Spellcasting
 - Level 3.0 Hexes
 - Level 11.0 Summonings
 - Level 3.0 Air Magic
 + Level 9.9 Invocations


You had 19 spell levels left.
You knew the following spells:

 Your Spells              Type           Power      Damage    Failure   Level
a - Call Imp              Summ           43%        N/A       1%          2
b - Summon Small Mammal   Summ           100%       N/A       1%          1
c - Call Canine Familiar  Summ           43%        N/A       1%          3
d - Summon Guardian Gole  Hex/Summ       30%        N/A       1%          3
e - Summon Lightning Spi  Summ/Air       30%        N/A       4%          4

Your spell library contained the following spells:

 Spells                   Type           Power      Damage    Failure   Level
 Poisonous Vapours        Pois/Air       24%        N/A       7%          2
 Beastly Appendage        Tmut           14%        N/A       9%          1
 Freeze                   Ice            28%        1d5       9%          1
 Magic Dart               Conj           28%        1d4       9%          1
 Cigotuvi's Dreadful Rot  Necr/Pois/Air  22%        N/A       9%          2
 Searing Ray              Conj           14%        2d5       12%         2
 Wereblood                Tmut           7%         N/A       12%         2
 Dazzling Flash           Conj/Hex       24%        N/A       13%         3
 Portal Projectile        Hex/Tloc       24%        N/A       13%         3
 Frozen Ramparts          Ice            14%        1d3       24%         3
 Gell's Gravitas          Tloc           7%         N/A       24%         3
 Hailstorm                Conj/Ice       7%         3d4       24%         3
 Lesser Beckoning         Tloc           7%         N/A       24%         3
 Spider Form              Tmut/Pois      7%         N/A       24%         3
 Teleport Other           Tloc           7%         N/A       24%         3
 Fulminant Prism          Conj/Hex       6%         3d7       38%         4
 Leda's Liquefaction      Hex/Erth       6%         N/A       38%         4
 Silence                  Hex/Air        8%         N/A       52%         5
 Dispel Undead            Necr           7%         3d8       58%         4
 Agony                    Necr           7%         N/A       89%         5
 Death Channel            Necr           3%         N/A       100%        6

Inventory:

Hand Weapons
 a - a +3 rapier of freezing (weapon) {short}
   (You found it on level 4 of the Dungeon)
 g - a +1 rapier of draining {short}
   (You found it on level 10 of the Dungeon)
 p - a +5 dagger {short}
   (You took it off a wight on level 8 of the Dungeon)
 L - the +6 dagger "Odeuvvoa" {chaos, Int+3 Dex+2, short}
   (You found it on level 5 of the Dungeon)

   Each time it hits an enemy it has a different, random effect.
   Int:       It affects your intelligence (+3).
   Dex:       It affects your dexterity (+2).
Missiles
 b - 2 boomerangs {throwing}
 l - 68 poisoned darts {throwing}
 S - 6 throwing nets {=f!fthrowing}
 V - 4 curare-tipped darts {=fthrowing}
Armour
 f - a +1 helmet (worn)
   (You found it on level 1 of the Dungeon)
 i - a +1 pair of gloves (worn)
   (You found it on level 1 of the Dungeon)
 n - a +2 buckler of cold resistance (worn)
   (You acquired it on level 3 of the Dungeon)
 u - a +1 cloak (worn)
   (You found it on level 3 of the Dungeon)
 O - a +1 pair of boots (worn)
   (You found it on level 3 of the Lair of Beasts)
 Z - a +2 leather armour of poison resistance (worn)
   (You found it on level 7 of the Dungeon)
Jewellery
 e - a ring of fire
   (You found it on level 7 of the Dungeon)
 j - an amulet of reflection (around neck)
   (You found it on level 2 of the Lair of Beasts)
 o - a ring of protection from cold
   (You found it on level 2 of the Dungeon)
 r - a ring of flight
   (You found it on level 3 of the Dungeon)
 y - a ring of wizardry
   (You found it on level 1 of the Lair of Beasts)
 D - a ring of resist corrosion
   (You found it on level 7 of the Dungeon)
 G - a +6 ring of dexterity
   (You found it on level 8 of the Dungeon)
 I - an amulet of faith {!P}
   (You found it on level 5 of the Dungeon)
 T - a ring of wizardry (left hand)
   (You found it on level 6 of the Dungeon)
 X - a +6 ring of dexterity (right hand)
   (You found it on level 7 of the Dungeon)
Wands
 d - a wand of roots (3)
   (You found it on level 7 of the Dungeon)
 s - a wand of flame (89)
   (You found it on level 3 of the Dungeon)
 w - a wand of polymorph (3)
   (You took it off a centaur on level 9 of the Dungeon)
 H - a wand of paralysis (36)
   (You found it on level 5 of the Dungeon)
 M - a wand of quicksilver (11)
   (You found it on level 10 of the Dungeon)
Scrolls
 m - 2 scrolls of fog
 x - 4 scrolls of immolation {!r!r}
 C - 7 scrolls of teleportation {@r4}
 N - 3 scrolls of magic mapping {!r}
 P - a scroll of vulnerability {!r!r}
Potions
 c - 3 potions of curing {@q1}
 h - 2 potions of flight
 k - 3 potions of mutation {!q}
 q - a potion of might
 t - 2 potions of ambrosia
 z - 2 potions of haste {@q3}
 A - 3 potions of magic
 B - a potion of berserk rage {unknown}
 F - a potion of attraction {!q}
 J - a potion of experience {unknown}
 Q - 5 potions of lignification {!q}
 R - 2 potions of invisibility
 W - 5 potions of brilliance
 Y - a potion of cancellation {unknown}

Dungeon Overview and Level Annotations

Branches:
Dungeon (11/15) Zot: 26751  Temple (1/1) D:5 Zot: 5901    Lair (5/5) D:10 Zot: 22789
  Swamp (0/4) Lair:2        Snake (0/4) Lair:3          Orc (0/2) D:9
  Slime: Lair:4-5

Altars:
Ashenzari
Cheibriados
Dithmenos
Elyvilon
Fedhas
Gozag
Hepliaklqana
Kikubaaqudgha
Makhleb
Nemelex Xobeh
Okawaru
Qazlal
Ru
Sif Muna
Trog
Uskayaw
Vehumet
Wu Jian
Xom
Yredelemnul
Zin
The Shining One

Annotations:
D:4 1 runed translucent door, Crazy Yiuf
D:5 3 runed translucent doors, Daxter95's ghost, novice GrBe
Lair:4 2 transporters

.PP..##.........P.#
..P...÷.....<......
...##..............
..###............#P .
.##........D†..### ..
##.............## ###...
#..............P####.....
......P........D.[.......
...###..........@y.......
.### ##....Y...######....
## #....Y....# ##..
#........## #........#
#......R.#. #....§§8...
#....9..... ##..........


You could see a five-headed hydra (drained) and a hornet.


Message History

Confirm with . or Enter, or press ? or * to list all spells.
An electric hum fills the air.
Your shadow imp hits the five-headed hydra.
Numeria hits the five-headed hydra with a +0 dagger of draining.
Numeria drains the five-headed hydra.
Unknown command.
Numeria hits the five-headed hydra with a +0 dagger of draining!
The five-headed hydra bites Numeria!
The five-headed hydra completely misses Numeria.
The five-headed hydra bites Numeria! x2; The five-headed hydra bites Numeria.
Your shadow imp hits the five-headed hydra.
Numeria hits the five-headed hydra with a +0 dagger of draining.
Unknown command.
Numeria casts a spell at the five-headed hydra.
The five-headed hydra appears confused.
The five-headed hydra bites your shadow imp.
The five-headed hydra barely misses your shadow imp. x3
The five-headed hydra closely misses your shadow imp.
Your shadow imp hits the five-headed hydra.
Your lightning spire shoots out a bolt of lightning at the five-headed hydra!
The bolt of electricity hits your shadow imp!
Your shadow imp dies!
Your shadow imp disappears in a puff of smoke!
The bolt of electricity hits the five-headed hydra!
Unknown command.
Numeria gestures at the five-headed hydra while chanting.
The five-headed hydra easily resists.
The elephant tramples Numeria!
Numeria is shoved backwards!
Numeria is destroyed!
The five-headed hydra bites the elephant.
The five-headed hydra bites the elephant but does no damage.
The five-headed hydra bites the elephant. x3
Your lightning spire shoots out a bolt of lightning at the five-headed hydra!
The bolt of electricity hits the five-headed hydra!
Unknown command.
Unknown command.
Your lightning spire shoots out a bolt of lightning at the five-headed hydra!
The bolt of electricity hits the five-headed hydra!
There is a stone staircase leading up here.
Unknown command.
Unknown command.
Unknown command.
Unknown command.
The five-headed hydra bites your lightning spire.
The five-headed hydra bites your lightning spire but does no damage.
The five-headed hydra barely misses your lightning spire.
The five-headed hydra bites your lightning spire!
The five-headed hydra bites your lightning spire.
Unknown command.
The elephant tramples you!
* * * LOW HITPOINT WARNING * * *
You stumble backwards!
You stop ascending the stairs.
The five-headed hydra barely misses your lightning spire.
The five-headed hydra bites your lightning spire.
Your lightning spire is destroyed!
Your lightning spire disappears in a puff of smoke!
Unknown command.
As you read the scroll of teleportation {@r4}, it crumbles to dust.
You feel strangely unstable. The elephant tramples you!
* * * LOW HITPOINT WARNING * * *
You stumble backwards!
Unknown command.
The elephant attacks as you move away! The elephant barely misses you.
The elephant trunk-slaps you but does no damage.
Unknown command.
The elephant attacks as you move away! You block the elephant's attack.
The elephant closely misses you.
Your surroundings suddenly seem different.
You see here a +0 chain mail.
You start resting.
A hornet comes into view.
Danger!
Unknown command.
Unknown command.
Unknown command.
The hornet buzzes angrily.
You see here a +0 chain mail.
Unknown command.
The five-headed hydra roars!
You hear a trumpeting!
The five-headed hydra bites you but does no damage.
The five-headed hydra closely misses you.
You block the five-headed hydra's attack.
The five-headed hydra bites you!
* * * LOW HITPOINT WARNING * * *
The five-headed hydra misses you.
Unknown command.
As you read the scroll of teleportation {@r4}, it crumbles to dust.
You feel strangely unstable.
You block the five-headed hydra's attack. x2
The five-headed hydra bites you.
* * * LOW HITPOINT WARNING * * *
The five-headed hydra bites you!
* * * LOW HITPOINT WARNING * * *
The five-headed hydra barely misses you.
You feel yourself speed up. The hornet stings you!
* * * LOW HITPOINT WARNING * * *
You suddenly lose the ability to move!
The five-headed hydra bites you!
You die...

Skill      XL: |  1  2  3  4  5  6  7  8  9 10 11 12 13 14 |
---------------+-------------------------------------------+-----
Fighting       | 1 4 5 6 7 8 10 | 10.8
Summonings     | 5 6 7 8 9 10 11 | 11.0
Shields        | 1 2 3 4 5 |  5.0
Hexes          | 1 2 3 |  3.0
Dodging        | 5 7 8 10 11 | 11.8
Spellcasting   | 4 5 6 7 8 9 |  9.8
Air Magic      | 3 |  3.0
Armour         | 2 3 4 |  4.0
Invocations    | 3 4 6 9 |  9.9
Stealth        | 4 5 7 |  7.3
Short Blades   | 2 4 5 7 |  7.0

Action                   |  1- 3 |  4- 6 |  7- 9 | 10-12 | 13-15 || total
-------------------------+-------+-------+-------+-------+-------++-------
Melee: Unarmed           |    15 |       |       |       |       ||    15
       Dagger            |    47 |    58 |    68 |   302 |   156 ||   631
       Rapier            |       |     8 |    35 |       |    43 ||    86
 Fire: Sling             |       |    11 |       |       |       ||    11
 Cast: Summon Small Mamm |    19 |    31 |    26 |    46 |    23 ||   145
       Call Imp          |     4 |    14 |    13 |    23 |    11 ||    65
       Call Canine Famil |       |     7 |    13 |    38 |    24 ||    82
       Summon Guardian G |       |       |    10 |    43 |    24 ||    77
       Summon Lightning  |       |       |       |    12 |    26 ||    38
Invok: Ancestor Life: He |       |       |     1 |       |       ||     1
       Recall Ancestor   |       |       |       |     2 |     3 ||     5
  Use: Scroll            |       |     8 |    10 |    10 |     9 ||    37
       Potion            |       |     2 |     2 |     2 |     1 ||     7
 Stab: Sleeping          |    12 |     8 |     9 |     6 |     5 ||    40
       Distracted        |     1 |     2 |     4 |    10 |     9 ||    26
       Confused          |       |       |       |    13 |     7 ||    20
Armor: Robe              |     6 |    15 |     7 |       |       ||    28
       Leather armour    |       |       |     4 |    63 |    20 ||    87
Dodge: Dodged            |    38 |    59 |    91 |   182 |   137 ||   507
Block: Buckler           |       |     6 |    62 |   139 |   133 ||   340

Levels and vault maps discovered:
D:1:      dpeg_arrival_castle, layout_basic,
          hellmonk_ecumenical_altar_leap_of_faith, minmay_liquid_box
D:2:      layout_rooms, basic_altar
D:3:      layout_rooms, nicolae_overflow_hidden_temple
D:4:      layout_rooms, tgw_trog, uniq_duvessa, uniq_crazy_yiuf_cottage,
          uniq_pikel
D:5:      layout_basic, minmay_temple_entry_stoned_glass,
          gammafunk_ghost_necromancy, uniq_prince_ribbit1
D:6:      layout_loops_corners, uniq_sigmund
D:7:      layout_loops_corners, minmay_fire_ice_demons
D:8:      layout_basic, uniq_maurice
D:9:      minmay_spotlight, layout_loops_corners, zombieorc2_lemuel,
          minmay_orc_keep
D:10:     layout_rooms, mainiacjoe_overflow_paths, minitemple, lair_entry_dummy,
          uniq_harold
D:11:     layout_loops_ring, portal_ice_cave_entry_ice_simulacra
Temple:   hellmonk_temple_divided_pantheon
Lair:1:   layout_loops_ring, nicolae_volcano_entry_s_turn, lemuel_centaur_altar
Lair:2:   layout_hall_layers, nicolae_swamp_entry_splash_gauntlet,
          infiniplex_staircase_pool_2, uniq_fannar
Lair:3:   nzn_winding_woodlands_stair_cross
          [nzn_winding_woodlands_5x15_pathside_ponds,
          nzn_winding_woodlands_center_triple_pond,
          nzn_winding_woodlands_5x15_parted,
          nzn_winding_woodlands_5x5_open_star,
          nzn_winding_woodlands_5x5_default,
          nzn_winding_woodlands_5x15_sidewinder,
          nzn_winding_woodlands_center_pierced_h,
          nzn_winding_woodlands_5x15_jagged], layout_cellular_growth,
          guppyfry_snake_entry_garden
Lair:4:   layout_roguey, gammafunk_ghost_wrathful_warriors, grunt_megastairs_4,
          serial_bayou_shore_b, lemuel_fruit_fields, serial_bayou_shore_b
Lair:5:   hangedman_lair_tendril_chambers, layout_small_grid,
          guppyfry_lair_end_dragon, slime_entry_1

Notes
Turn   | Place    | Note
-------+----------+-------------------------------------------
     0 | D:1      | Sobieck the Kobold Summoner began the quest for the Orb.
     0 | D:1      | Reached XP level 1. HP: 10/10 MP: 3/3
   376 | D:1      | Reached XP level 2. HP: 8/16 MP: 3/5
   682 | D:1      | Learned a level 2 spell: Call Imp
   926 | D:1      | Reached skill level 1 in Fighting
   926 | D:1      | Reached XP level 3. HP: 20/20 MP: 2/6
  1297 | D:1      | Learned a level 3 spell: Call Canine Familiar
  1594 | D:1      | Found a faded altar of an unknown god.
  1755 | D:2      | HP: 5/20 [adder (2)]
  1757 | D:2      | Reached XP level 4. HP: 6/25 MP: 4/7
  2233 | D:2      | Found a stormy altar of Qazlal.
  2267 | D:2      | Reached skill level 5 in Summonings
  3002 | D:3      | Reached XP level 5. HP: 25/29 MP: 5/8
  3100 | D:3      | You pick up a book of Frost and begin reading...
  3100 | D:3      | You add the spells Freeze, Frozen Ramparts and Hailstorm to
                  | your library.
  3164 | D:3      | Identified the +6 sling of Defence {vorpal, Dex+5}
  3315 | D:3      | You pick up a book of Displacement and begin reading...
  3315 | D:3      | You add the spells Lesser Beckoning, Gell's Gravitas and
                  | Teleport Other to your library.
  3540 | D:4      | Reached skill level 6 in Summonings
  3540 | D:4      | Reached XP level 6. HP: 15/34 MP: 3/9
  3733 | D:4      | Noticed Duvessa
  3751 | D:3      | HP: 8/34 [scorpion (6)]
  4031 | D:4      | You pick up a book of Conjurations {@e2} and begin
                  | reading...
  4031 | D:4      | You add the spells Magic Dart, Searing Ray and Fulminant
                  | Prism to your library.
  4054 | D:4      | Noticed Dowan
  4196 | D:3      | Found an iron altar of Okawaru.
  4196 | D:3      | Found a glowing silver altar of Zin.
  4222 | D:4      | Learned a level 3 spell: Summon Guardian Golem
  4245 | D:4      | Reached skill level 7 in Summonings
  4435 | D:3      | Identified a scroll of acquirement
  4435 | D:3      | Acquired a +2 buckler of cold resistance
  4481 | D:5      | Entered Level 5 of the Dungeon
  4586 | D:5      | Noticed Prince Ribbit
  4611 | D:5      | Killed Prince Ribbit
  4612 | D:5      | Reached skill level 1 in Shields
  4612 | D:5      | Reached skill level 1 in Hexes
  4612 | D:5      | Reached XP level 7. HP: 28/38 MP: 1/10
  4696 | D:5      | Found a staircase to the Ecumenical Temple.
  4702 | Temple   | Entered the Ecumenical Temple
  4705 | Temple   | Found a transporter.
  4705 | Temple   | Found a transporter.
  4707 | Temple   | Found a transporter.
  4707 | Temple   | Found a transporter.
  4782 | Temple   | Became a worshipper of Hepliaklqana the Forgotten
  4938 | D:5      | Reached skill level 2 in Hexes
  5400 | D:5      | Reached skill level 8 in Summonings
  5400 | D:5      | Reached XP level 8. HP: 27/43 MP: 7/11
  5659 | D:5      | Found a runed translucent gate.
  5660 | D:5      | Found a runed translucent gate.
  5661 | D:5      | Found a runed translucent gate.
  5669 | D:5      | Reached skill level 2 in Shields
  5671 | D:5      | Noticed Daxter95's ghost (novice GrBe)
  5722 | D:5      | Identified the +6 dagger "Odeuvvoa" {chaos, Int+3 Dex+2}
  6061 | D:4      | Killed Duvessa
  6062 | D:4      | Reached skill level 3 in Hexes
  6062 | D:4      | Reached skill level 3 in Dodging
  6075 | D:4      | Killed Dowan
  6076 | D:4      | Reached skill level 2 in Fighting
  6076 | D:4      | Reached skill level 3 in Spellcasting
  6274 | D:4      | Noticed Pikel
  6286 | D:4      | HP: 10/44 [Pikel/+1 whip of freezing (11)]
  6287 | D:4      | HP: 1/44 [Pikel/+1 whip of freezing (9)]
  6613 | D:4      | Killed Pikel
  6614 | D:4      | Reached skill level 3 in Fighting
  6614 | D:4      | Reached skill level 4 in Dodging
  6614 | D:4      | Reached skill level 4 in Spellcasting
  6818 | D:4      | You pick up a book of the Senses and begin reading...
  6818 | D:4      | You add the spells Dazzling Flash, Agony and Silence to
                  | your library.
  6932 | D:4      | Noticed a moth of wrath
  6935 | D:4      | Found a bloodstained altar of Trog.
  7141 | D:4      | Found a runed translucent door.
  7144 | D:4      | Noticed Crazy Yiuf
  7657 | D:6      | Noticed Sigmund
  7661 | D:6      | Reached * piety under Hepliaklqana
  7685 | D:6      | Killed Sigmund
  7686 | D:6      | Reached skill level 4 in Fighting
  7686 | D:6      | Reached skill level 5 in Dodging
  7686 | D:6      | Reached XP level 9. HP: 46/46 MP: 15/15
  7883 | D:6      | Learned a level 4 spell: Summon Lightning Spire
  8107 | D:6      | Reached skill level 1 in Air Magic
  8129 | D:6      | Reached skill level 5 in Spellcasting
  8427 | D:6      | You pick up a book of Vapours and begin reading...
  8427 | D:6      | You add the spells Poisonous Vapours and Cigotuvi's
                  | Dreadful Rot to your library.
  8872 | D:7      | Reached skill level 6 in Dodging
  9181 | D:7      | Reached ** piety under Hepliaklqana
  9182 | D:7      | Remembered your ancestor Numeria as a hexer
  9208 | D:7      | Reached skill level 5 in Fighting
  9208 | D:7      | Reached skill level 2 in Air Magic
 10031 | D:8      | Noticed Maurice
 10040 | D:8      | Killed Maurice
 10041 | D:8      | Reached skill level 3 in Air Magic
 10049 | D:8      | Reached skill level 7 in Dodging
 10049 | D:8      | Reached XP level 10. HP: 54/54 MP: 9/18
 10242 | D:8      | Reached skill level 6 in Fighting
 10242 | D:8      | Reached skill level 6 in Spellcasting
 10465 | D:8      | Noticed a centaur warrior
 10484 | D:8      | Killed a centaur warrior
 10485 | D:8      | Reached skill level 1 in Armour
 10485 | D:8      | Reached skill level 1 in Invocations
 10602 | D:8      | Reached skill level 2 in Invocations
 10889 | D:8      | You pick up a book of the Hunter and begin reading...
 10889 | D:8      | You add the spells Portal Projectile and Leda's
                  | Liquefaction to your library.
 10969 | D:8      | Reached skill level 3 in Stealth
 11476 | D:8      | Reached skill level 1 in Short Blades
 11680 | D:9      | Noticed a kobold demonologist
 11689 | D:9      | Noticed a soul eater
 11694 | D:9      | Noticed an orange demon
 11699 | D:9      | Killed a kobold demonologist
 11993 | D:9      | Reached *** piety under Hepliaklqana
 12041 | D:9      | Reached skill level 3 in Shields
 12058 | D:9      | Reached skill level 2 in Armour
 12131 | D:9      | Found a staircase to the Orcish Mines.
 12192 | D:9      | Reached skill level 2 in Short Blades
 12401 | D:9      | Reached skill level 3 in Invocations
 12480 | D:9      | Reached skill level 4 in Stealth
 12480 | D:9      | Reached XP level 11. HP: 59/59 MP: 9/21
 12494 | D:9      | Reached skill level 8 in Dodging
 12499 | D:9      | Reached skill level 7 in Fighting
 12803 | D:9      | Reached skill level 3 in Short Blades
 13388 | D:10     | Entered Level 10 of the Dungeon
 13394 | D:10     | Noticed Harold
 13401 | D:10     | Killed Harold
 13402 | D:10     | Reached skill level 7 in Spellcasting
 14150 | D:10     | Reached skill level 5 in Stealth
 14417 | D:10     | You pick up a book of Callings and begin reading...
 14422 | D:10     | You pick up a book of Changes and begin reading...
 14422 | D:10     | You add the spells Beastly Appendage, Wereblood and Spider
                  | Form to your library.
 14427 | D:10     | Found a glowing golden altar of the Shining One.
 14430 | D:10     | Found a broken altar of Ashenzari.
 14431 | D:10     | Found a burning altar of Makhleb.
 14432 | D:10     | Found a shimmering blue altar of Sif Muna.
 14433 | D:10     | Found a blossoming altar of Fedhas.
 14434 | D:10     | Found a white marble altar of Elyvilon.
 14435 | D:10     | Found a shadowy altar of Dithmenos.
 14496 | D:10     | Found a staircase to the Lair.
 14520 | D:10     | Found a stormy altar of Qazlal.
 14764 | D:10     | Reached skill level 3 in Armour
 14764 | D:10     | Reached skill level 4 in Invocations
 14856 | D:11     | You pick up a book of Changes and begin reading...
 14860 | D:11     | Reached **** piety under Hepliaklqana
 14864 | D:11     | Noticed a seven-headed hydra
 14973 | D:11     | Noticed a skeletal warrior
 14973 | D:11     | Noticed a skeletal warrior
 15015 | Lair:1   | Entered Level 1 of the Lair of Beasts
 15058 | Lair:1   | Reached skill level 4 in Short Blades
 15079 | Lair:1   | Reached skill level 9 in Summonings
 15352 | Lair:1   | Reached skill level 4 in Shields
 16189 | Lair:1   | Found an ancient bone altar of Kikubaaqudgha.
 16470 | Lair:2   | Reached XP level 12. HP: 64/65 MP: 15/23
 16496 | Lair:2   | Reached skill level 5 in Short Blades
 16502 | Lair:2   | Reached skill level 9 in Dodging
 16507 | Lair:2   | Reached skill level 5 in Invocations
 16515 | Lair:2   | Reached skill level 8 in Fighting
 16749 | Lair:2   | Noticed Fannar
 16763 | Lair:2   | Killed Fannar
 16878 | Lair:2   | Reached skill level 4 in Armour
 16886 | Lair:2   | Reached skill level 8 in Spellcasting
 17209 | Lair:2   | Reached skill level 5 in Shields
 17530 | Lair:2   | Reached skill level 6 in Invocations
 17559 | Lair:2   | Reached skill level 10 in Summonings
 17816 | Lair:2   | Noticed a four-headed hydra
 17826 | Lair:2   | Killed a four-headed hydra
 17827 | Lair:2   | Reached skill level 10 in Dodging
 17827 | Lair:2   | Reached XP level 13. HP: 72/72 MP: 12/25
 18104 | Lair:2   | Reached skill level 9 in Fighting
 18113 | Lair:2   | Found a staircase to the Swamp.
 18375 | Lair:3   | Reached skill level 7 in Invocations
 18400 | Lair:3   | Reached skill level 9 in Spellcasting
 18998 | Lair:3   | Reached skill level 11 in Dodging
 19072 | Lair:3   | Reached skill level 10 in Fighting
 19127 | Lair:3   | Reached skill level 8 in Invocations
 19143 | Lair:3   | Reached skill level 11 in Summonings
 19258 | Lair:3   | Reached ***** piety under Hepliaklqana
 19417 | Lair:3   | Found a staircase to the Snake Pit.
 19763 | Lair:3   | Noticed a four-headed hydra
 19774 | Lair:3   | Killed a four-headed hydra
 19800 | Lair:3   | Reached skill level 9 in Invocations
 20327 | Lair:4   | Found a transporter.
 20341 | Lair:4   | Found a transporter.
 20373 | Lair:4   | Reached XP level 14. HP: 60/79 MP: 20/27
 21216 | Lair:5   | Entered Level 5 of the Lair of Beasts
 21252 | Lair:5   | Reached skill level 6 in Stealth
 21276 | Lair:5   | Reached skill level 6 in Short Blades
 21588 | Lair:5   | You pick up a book of Decay and begin reading...
 21588 | Lair:5   | You add the spells Dispel Undead and Death Channel to your
                  | library.
 21777 | Lair:5   | HP: 18/79 [death yak (12)]
 22119 | Lair:4   | Reached skill level 7 in Stealth
 22264 | Lair:5   | Reached skill level 7 in Short Blades
 22289 | Lair:5   | HP: 19/79 [five-headed hydra (6)]
 22290 | Lair:5   | HP: 2/79 [hornet (8)]
 22290 | Lair:5   | Paralysed by a hornet for 1 turns
 22290 | Lair:5   | Mangled by a five-headed hydra

Vanquished Creatures
  2 death yaks
  A boulder beetle (Lair:3)
  3 elephants
  A black mamba (Lair:2)
  A rime drake (Lair:2)
  5 cane toads
  A kobold demonologist (D:9)
  A troll (D:9)
  10 blink frogs
  A dream sheep (Lair:2)
  8 yaks
  2 shadows
  5 wyverns
  A basilisk (Lair:1)
  2 steam dragons (D:8)
  8 water moccasins
  Duvessa (D:4)
  A wolf (Lair:1)
  3 centaurs
  A necrophage (D:8)
  3 bullfrogs
  2 scorpions
  A wight (D:7)
  2 troll zombies (D:9)
  A crimson imp (D:7)
  2 jellies
  4 hounds
  4 orc priests
  An iguana (D:4)
  2 orc wizards
  4 ogre zombies (D:9)
  3 gnolls (D:8)
  2 adders (D:2)
  An ufetubus (D:7)
  2 worms (D:4)
  2 dart slugs
  8 orcs
  2 ball pythons (D:1)
  2 bats
  5 endoplasms
  4 goblins
  8 hobgoblins
  3 jackals
  8 kobolds
  2 quokkas
  4 frilled lizards (D:1)
  A goblin skeleton (D:9)
  3 goblin zombies (D:9)
  A hobgoblin skeleton (D:9)
  6 orc zombies (D:9)
  7 rats
  A butterfly (Lair:4)
159 creatures vanquished.

Vanquished Creatures (collateral kills)
  Fannar (Lair:2)
  Harold (D:10)
  A death yak (Lair:3)
  2 bog bodies (Lair:2)
  Pikel (D:4)
  Maurice (D:8)
  5 elephants
  2 black mambas
  6 cane toads
  An unseen horror (D:10)
  2 rime drakes
  4 komodo dragons
  A polar bear (Lair:3)
  10 blink frogs
  Prince Ribbit (D:5)
  A hornet (D:8)
  11 dream sheep
  Sigmund (D:6)
  A basilisk (Lair:5)
  22 yaks
  2 swamp worms (Lair:2)
  5 water moccasins
  A black bear (Lair:3)
  An orc warrior (D:10)
  2 phantoms (D:9)
  4 centaurs
  A kobold brigand (D:10)
  A gnoll sergeant (D:8)
  6 bullfrogs
  A scorpion (D:3)
  5 wights
  An electric eel (Lair:2)
  A howler monkey (D:5)
  3 jellies
  3 orc priests
  4 iguanas (D:5)
  2 orc wizards
  2 ogre zombies (D:9)
  5 gnolls
  3 adders
  A shadow imp (D:7)
  A white imp (D:7)
  An ufetubus (D:5)
  3 worms
  13 orcs
  A ball python (D:1)
  2 endoplasms
  3 goblins
  2 hobgoblins (D:1)
  A jackal (D:3)
  6 kobolds
  A quokka (D:3)
  2 bats
  A frilled lizard (D:1)
  A hobgoblin zombie (D:9)
  3 orc skeletons (D:9)
  10 orc zombies (D:9)
  3 rats
183 creatures vanquished.

Vanquished Creatures (others)
  2 hydras
  A centaur warrior (D:8)
  2 death yaks
  A bog body (Lair:2)
  2 elephants (Lair:5)
  2 black mambas (Lair:3)
  2 cane toads (Lair:3)
  5 blink frogs (Lair:2)
  4 dream sheep (Lair:5)
  13 yaks
  2 water moccasins
  2 wolves (Lair:1)
  A lemure (D:4)
  A kobold brigand (D:6)
  A wight (D:8)
  Dowan (D:4)
  10 hexers
  An orc wizard (D:10)
  2 ancestors (D:6)
  3 kobolds (D:6)
  23 fungi
  42 plants
123 creatures vanquished.

Grand Total: 465 creatures vanquished

Table legend:
 A = Non-vault XP
 B = Vault XP
 C = Vault XP percentage of total XP
 D = Non-vault monster count
 E = Vault monster count
 F = Vault count percentage of total count
                 A         B        C        D         E       F
            +---------+---------+-------+---------+---------+-------
      Total |   40636 |   18535 |  31.3 |     283 |     103 |  26.7
            +---------+---------+-------+---------+---------+-------
        D:1 |      44 |       0 |   0.0 |      27 |       0 |   0.0
        D:2 |      65 |       0 |   0.0 |      14 |       0 |   0.0
        D:3 |     126 |       0 |   0.0 |      17 |       0 |   0.0
        D:4 |     232 |     843 |  78.4 |      13 |       9 |  40.9
        D:5 |     358 |     259 |  42.0 |      11 |       1 |   8.3
        D:6 |     453 |     243 |  34.9 |      15 |       1 |   6.2
        D:7 |     402 |      58 |  12.6 |       9 |       2 |  18.2
        D:8 |    2611 |     480 |  15.5 |      26 |       1 |   3.7
        D:9 |    2006 |     968 |  32.5 |      10 |      46 |  82.1
       D:10 |    1666 |     852 |  33.8 |      22 |       1 |   4.3
     Lair:1 |    2695 |     444 |  14.1 |      15 |       4 |  21.1
     Lair:2 |    9784 |    3297 |  25.2 |      38 |       7 |  15.6
     Lair:3 |    7521 |    8681 |  53.6 |      31 |      21 |  40.4
     Lair:4 |    3658 |    1268 |  25.7 |       8 |       5 |  38.5
     Lair:5 |    9015 |    1142 |  11.2 |      27 |       5 |  15.6
            +---------+---------+-------+---------+---------+-------

Illustrated notes

Table legend:
 A = Kills in this place as a percentage of kills in entire the game.
 B = Kills by you in this place as a percentage of kills by you in the entire game.
 C = Kills by friends in this place as a percentage of kills by friends in the entire game.
 D = Other kills in this place as a percentage of other kills in the entire game.
 E = Experience gained in this place as a percentage of experience gained in the entire game.
 F = Experience gained in this place divided by the number of levels of this place that you have seen.
                   A       B       C       D       E      F
               +-------+-------+-------+-------+-------+----------------------
         Total | 100.0 | 100.0 | 100.0 | 100.0 | 100.0 | 3480.6
       Dungeon |  58.3 |  74.2 |  54.6 |  25.0 |  19.7 | 1060.5
          Lair |  41.7 |  25.8 |  45.4 |  75.0 |  80.3 | 9501.0
               +-------+-------+-------+-------+-------+----------------------

Table legend: (Time is in decaauts)
 A = Elapsed time spent in this place.
 B = Non-inter-level travel time spent in this place.
 C = Inter-level travel time spent in this place.
 D = Time resting spent in this place.
 E = Time spent auto-exploring this place.
 F = Levels seen in this place.
 G = Mean time per level.
                   A        B        C        D        E       F      G
               +--------+--------+--------+--------+--------+-----+--------+
         Total |  22319 |  21548 |    771 |   5230 |  12427 |  17 | 1312.9 |
       Dungeon |  15011 |  14465 |    546 |   3310 |   8857 |  11 | 1364.6 |
        Temple |     98 |     82 |     16 |      0 |     11 |   1 |   98.0 |
          Lair |   7209 |   7001 |    208 |   1920 |   3558 |   5 | 1441.8 |
               +--------+--------+--------+--------+--------+-----+--------+

Top non-repeatable levels by time:
  Lair:3: 2272 daAuts
     D:9: 2188 daAuts
     D:8: 1791 daAuts
  Lair:2: 1763 daAuts
     D:5: 1752 daAuts
     D:1: 1641 daAuts
     D:4: 1511 daAuts
  Lair:1: 1482 daAuts
     D:3: 1376 daAuts
    D:10: 1287 daAuts
  Lair:4: 1208 daAuts
     D:6: 1168 daAuts
     D:2: 1140 daAuts
     D:7: 1091 daAuts
  Lair:5: 483 daAuts
